 Dungeon Crawl Stone Soup version 0.24-a0-67-ga78bd38 (webtiles) character file.

Game seed: 13617782344008319260

60 Amnesiac the Cutter (level 4, -2/23 HPs)
             Began as a Vine Stalker Monk on Feb 5, 2019.
             Slain by a worker ant (4 damage)
             ... on level 4 of the Dungeon.
             The game lasted 00:02:55 (1279 turns).

Amnesiac the Cutter (Vine Stalker Monk)             Turns: 1279, Time: 00:02:56

Health: -2/23      AC:  5    Str: 15    XL:     4   Next: 6%
Magic:  0/5        EV:  8    Int: 10    God:
Gold:   84         SH:  7    Dex: 16    Spells: 3/3 levels left

rFire    . . .     SeeInvis .   a - +0 short sword
rCold    . . .     Gourm    .   g - +0 shield
rNeg     . . .     Faith    .   f - +0 ring mail
rPois    .         Spirit   +   (no helmet)
rElec    .         Reflect  .   (no cloak)
rCorr    .         Harm     .   (no gloves)
MR       .....                  (no boots)
Stlth    ++........             (no amulet)
HPRegen  0.47/turn              (no ring)
MPRegen  0.09/turn              (no ring)

@: lethally poisoned (-2 -> -4)
A: fangs 2, regeneration 1, magic shield, antimagic bite, no potion heal 3, rot
immunity
a: no special abilities


You were on level 4 of the Dungeon.
You were not hungry.

You visited 1 branch of the dungeon, and saw 4 of its levels.

You collected 84 gold pieces.

Inventory:

Hand Weapons
 a - a +0 short sword (weapon)
Armour
 f - a +0 ring mail (worn)
 g - a +0 shield (worn)
Scrolls
 d - 6 scrolls of enchant armour {!r, unknown}
 h - a scroll of fear {!r, unknown}
 i - a scroll of remove curse {!r, unknown}
 j - 3 scrolls of teleportation {!r, unknown}
Potions
 e - a potion of magic {!q, unknown}
 k - a potion of cancellation {!q, unknown}
 l - a potion of agility {!q, unknown}
 m - a potion of curing {!q, unknown}
Comestibles
 b - a chunk of flesh
 c - 4 rations


   Skills:
 - Level 2.6 Fighting
 + Level 4.3 Short Blades
 - Level 2.4 Dodging
 - Level 2.4 Stealth


You had 3 spell levels left.
You didn't know any spells.
Your spell library was empty.

Dungeon Overview and Level Annotations

Branches:
Dungeon (4/15)
 Temple: D:4-7

Altars:


Innate Abilities, Weirdness & Mutations

You have extremely sharp teeth.
Your natural rate of healing is unusually fast.
When hurt, damage is shared between your health and your magic reserves.
Your bite disrupts and absorbs the magic of your enemies.
Potions cannot restore your health.
You are immune to rotting.


Message History

You kill the ooze!
You have reached level 4!
You feel stronger.
You begin to heal more quickly.
No target in view!
A worker ant comes into view.
The worker ant twitches its antennae in your direction.
The worker ant moves out of view.
A giant cockroach comes into view.
The giant cockroach waves its antennae.
You block the worker ant's attack.
There are monsters nearby!
You hit the worker ant but do no damage.
You block the worker ant's attack.
You hit the worker ant but do no damage.
You bite the worker ant, but do no damage.
The worker ant bites you.
The giant cockroach bites you but does no damage.
You hit the worker ant but do no damage.
You block the worker ant's attack. The worker ant bites you.
You are poisoned.
The worker ant poisons you!
You hit the worker ant but do no damage.
You bite the worker ant, but do no damage.
You feel sick. You block the worker ant's attack.
You barely miss the worker ant.
You feel sick. The worker ant bites you.
You hit the worker ant.
The worker ant is lightly wounded.
The worker ant bites you but does no damage.
You hit the worker ant.
The worker ant is moderately wounded.
You feel sick. The worker ant bites you. You block the worker ant's attack.
You closely miss the worker ant.
You bite the worker ant, but do no damage.
The worker ant is moderately wounded.
The worker ant bites you.
You are more poisoned.
The worker ant poisons you!
You hit the worker ant but do no damage.
The worker ant is moderately wounded.
You feel sick. The worker ant barely misses you.
You closely miss the worker ant.
The worker ant is moderately wounded.
You feel sick. The worker ant bites you.
* * * LOW HITPOINT WARNING * * *
Your shield prevents you from hitting the worker ant.
The worker ant is moderately wounded.
You feel sick. You block the worker ant's attack.
You closely miss the worker ant.
The worker ant is moderately wounded.
You feel sick. The worker ant bites you.
* * * LOW HITPOINT WARNING * * *
The worker ant closely misses you.
You closely miss the worker ant.
The worker ant is moderately wounded.
You block the worker ant's attack.
You are too injured to fight recklessly!
You hit the worker ant but do no damage.
The worker ant is moderately wounded.
* * * LOW HITPOINT WARNING * * *
You feel sick.
The giant cockroach waves its antennae.
The worker ant bites you.
You die...

......... .......#
......### .......
##..... ##.....
#....s# ..... . #a#
..... ..... .. ###@#
#..... .....
...###...###........
.....
...)......##........
...#
..........#.........
...#
#....................
[..##
#.......###.....>....
....#
......####..........
.......
##....##...........a
####..#
##..........####.


You could see a worker ant and a giant cockroach.

Vanquished Creatures
  2 adders
  2 oozes
  An adder skeleton (D:4)
  A worm (D:4)
  A leopard gecko (D:2)
  An orc (D:3)
  2 goblins
  3 hobgoblins (D:1)
  2 quokkas
  4 bats
  2 frilled lizards
  4 kobolds
  4 rats
29 creatures vanquished.

Vanquished Creatures (others)
  A quokka (D:3)
1 creature vanquished.

Grand Total: 30 creatures vanquished

Notes
Turn   | Place    | Note
-------+----------+-------------------------------------------
     0 | D:1      | Amnesiac the Vine Stalker Monk began the quest for the Orb.
     0 | D:1      | Reached XP level 1. HP: 11/11 MP: 2/2
   137 | D:1      | Reached skill level 3 in Short Blades
   157 | D:1      | Reached XP level 2. HP: 11/16 MP: 3/3
   477 | D:3      | Reached XP level 3. HP: 19/19 MP: 4/4
   517 | D:3      | Noticed an ogre
   858 | D:3      | Reached skill level 4 in Short Blades
  1256 | D:4      | Gained mutation: Your natural rate of healing is unusually
                  | fast. [Vine Stalker growth]
  1256 | D:4      | Reached XP level 4. HP: 23/23 MP: 5/5
  1279 | D:4      | Slain by a worker ant

Vault maps used:
D:1:      mushboom_english_gardens
D:2:      wad_pebble_path, fedhas_altar_2, chequers_jeans
D:3:      elyvilon_altar_4, first_ration
D:4:      nicolae_overflow_crystal_walls

Skill      XL: |  1  2  3 |
---------------+----------+-----
Short Blades   | 3 4 |  4.3
Fighting       | |  2.6
Dodging        | |  2.4
Stealth        | |  2.4

Action                   |  1- 3 |  4- 6 || total
-------------------------+-------+-------++-------
Melee: Short sword       |    92 |    14 ||   106
       Bite              |    27 |     3 ||    30
 Stab: Sleeping          |     2 |       ||     2
  Eat: Chunk             |     1 |       ||     1
Armor: Ring mail         |    26 |     2 ||    28
Dodge: Dodged            |    31 |     2 ||    33
Block: Shield            |    29 |     7 ||    36

Table legend:
 A = Non-vault XP
 B = Vault XP
 C = Vault XP percentage of total XP
 D = Non-vault monster count
 E = Vault monster count
 F = Vault count percentage of total count
                 A         B        C        D         E       F
            +---------+---------+-------+---------+---------+-------
      Total |      87 |       0 |   0.0 |      29 |       0 |   0.0
            +---------+---------+-------+---------+---------+-------
        D:1 |      15 |       0 |   0.0 |      10 |       0 |   0.0
        D:2 |      18 |       0 |   0.0 |       7 |       0 |   0.0
        D:3 |      22 |       0 |   0.0 |       7 |       0 |   0.0
        D:4 |      32 |       0 |   0.0 |       5 |       0 |   0.0
            +---------+---------+-------+---------+---------+-------
